 Dungeon Crawl Stone Soup version 0.18-a0-1764-gf4ddf0b (webtiles) character file.

1207 tyvek the Ducker (level 8, -2/36 HPs)
             Began as a Spriggan Enchanter on Apr 14, 2016.
             Killed from afar by an orc wizard (10 damage)
             ... with a puff of flame
             ... on level 5 of the Dungeon.
             The game lasted 00:08:48 (5273 turns).

tyvek the Ducker (Spriggan Enchanter)               Turns: 5273, Time: 00:08:49

Health: -2/36      AC:  2    Str:  5    XL:     8   Next: 21%
Magic:  4/18       EV: 23    Int: 17    God:
Gold:   177        SH:  0    Dex: 17    Spells: 4 memorised, 10 levels left

rFire  . . .     SeeInvis +     a - +1 dagger
rCold  . . .     Gourm    .     o - +0 robe {MR+}
rNeg   . . .     Faith    .     (shield restricted)
rPois  .         Spirit   .     (helmet restricted)
rElec  .         Dismiss  .     (no cloak)
rCorr  .         Reflect  .     (gloves unavailable)
SustAt .         Harm     .     (boots unavailable)
MR     ++...                    (no amulet)
Stlth  ++++......               (no ring)
                                (no ring)

@: very quick, very resistant to hostile enchantments, stealthy
A: unfitting armour, see invisible, herbivore 3, speed 3, slow metabolism 2
a: no special abilities


You were on level 5 of the Dungeon.
You were not hungry.

You visited 2 branches of the dungeon, and saw 6 of its levels.

You collected 177 gold pieces.

Inventory:

Hand Weapons
 a - a +1 dagger (weapon)
Armour
 o - a +0 robe of magic resistance (worn)
   (You found it on level 4 of the Dungeon)
Scrolls
 b - a scroll of random uselessness {unknown}
 g - a scroll of amnesia {unknown}
 l - a scroll of remove curse
 m - 3 scrolls of teleportation {unknown}
 n - a scroll of enchant weapon {unknown}
 p - a scroll of fog {unknown}
 s - a scroll of identify
Potions
 e - 2 potions of haste
 f - 4 potions of agility
 h - a potion of cancellation {unknown}
 i - a potion of invisibility {unknown}
 j - 3 potions of curing {unknown}
 r - a potion of cure mutation {unknown}
Books
 c - a book of Maledictions
 q - a book of the Sky
   (You found it on level 5 of the Dungeon)
Comestibles
 d - 4 bread rations {@e1}
 k - 2 fruits


   Skills:
 * Level 5.2 Short Blades
 * Level 7.4 Dodging
 + Level 6.8 Stealth
 - Level 6.0 Spellcasting
 - Level 6.4 Hexes


You had 10 spell levels left.
You knew the following spells:

 Your Spells              Type           Power        Failure   Level  Hunger
a - Ensorcelled Hibernat  Hex/Ice        ###...       6%          2    None
b - Tukima's Dance        Hex            ####....     3%          3    ##.....
c - Confuse               Hex            ####....     3%          3    ##.....
v - Corona                Hex            ####...      1%          1    None


Dungeon Overview and Level Annotations

Branches:
Dungeon (5/15)             Temple (1/1) D:4

Altars:
Ashenzari
Cheibriados
Dithmenos
Elyvilon
Fedhas
Kikubaaqudgha
Makhleb
Nemelex Xobeh
Okawaru
Pakellas
Sif Muna
Trog
Yredelemnul
Zin
The Shining One

Shops:
D:4 ?


Innate Abilities, Weirdness & Mutations

You are tiny and cannot use many weapons and most armour.
You have supernaturally acute eyesight.
You are a herbivore.
You cover ground extremely quickly.
You need consume almost no food.


Message History

You completely miss the orc. The orc barely misses you.
The orc wizard casts a spell.
The orc wizard flickers and vanishes for a moment.
You completely miss the orc.
The orc shouts!
You hit the orc wizard but do no damage.
The orc hits you but does no damage. The orc wizard closely misses you.
Things that are here:
an enchanted scimitar; a plate armour
Aim: an orc, wielding a dagger and wearing a leather armour (chance to defeat MR: 82%)
The orc looks drowsy...
The orc shouts!
The orc misses you.
You now have 9/18 mp.
You completely miss the orc.
Aim: an orc wizard, wielding a vampiric dagger and wearing a robe (slightly transparent, chance to defeat MR: 47%)
The orc wizard resists with some effort.
You now have 7/18 mp.
You closely miss the orc wizard. The orc wizard completely misses you.
Aim: an orc wizard, wielding a vampiric dagger and wearing a robe (slightly transparent, chance to defeat MR: 47%)
The orc wizard resists with some effort.
The orc wizard casts a spell at you. The puff of flame hits you!
An adder comes into view.
You take 8 damage, and have 28/36 hp.
MASSIVE DAMAGE!!
You now have 5/18 mp.
Aim: an orc wizard, wielding a vampiric dagger and wearing a robe (slightly transparent, chance to defeat MR: 47%)
The orc wizard resists with some effort.
The orc wizard barely misses you.
You now have 3/18 mp.
Aim: an orc wizard, wielding a vampiric dagger and wearing a robe (slightly transparent, chance to defeat MR: 47%)
The orc wizard resists with some effort.
The orc wizard completely misses you.
You now have 1/18 mp.
You don't have enough magic to cast that spell.
You hit the orc wizard but do no damage.
You barely miss the orc wizard. The orc wizard misses you.
You closely miss the orc wizard.
The orc wizard hits you with a vampiric dagger.
You take 1 damage, and have 27/36 hp.
You completely miss the orc wizard.
The orc wizard casts a spell.
The orc wizard seems to speed up.
You hit the orc wizard but do no damage.
The orc wizard hits you with a vampiric dagger.
You take 1 damage, and have 26/36 hp.
You hit the orc wizard but do no damage.
The orc wizard completely misses you.
You hit the orc wizard. The orc wizard completely misses you.
You hit the orc wizard.
The orc wizard miscasts a cantrip.
Aim: an orc wizard, wielding a vampiric dagger and wearing a robe (lightly wounded, fast, slightly transparent, chance to defeat MR: 67%)
The orc wizard is outlined in light.
The orc wizard hits you with a vampiric dagger.
The orc wizard draws strength from your injuries!
The orc wizard barely misses you.
You take 1 damage, and have 25/36 hp.
You hit the orc wizard but do no damage.
The orc wizard hits you but does no damage.
You hit the orc wizard. The orc wizard barely misses you.
You hit the orc wizard.
The orc wizard hits you but does no damage.
You hit the orc wizard but do no damage.
The orc wizard looks braver for a moment.
You hit the orc wizard. The orc wizard completely misses you.
You hit the orc wizard. The orc wizard completely misses you.
You hit the orc wizard but do no damage.
The orc wizard completely misses you.
You hit the orc wizard but do no damage.
The orc wizard hits you with a vampiric dagger.
The orc wizard misses you.
You take 5 damage, and have 21/36 hp.
You hit the orc wizard. The orc wizard misses you.
You hit the orc wizard but do no damage.
The orc wizard hits you with a vampiric dagger.
The orc wizard draws strength from your injuries!
You take 4 damage, and have 17/36 hp.
You hit the orc wizard. The orc wizard completely misses you.
You hit the orc wizard but do no damage.
The orc wizard stops glowing.
The orc wizard completely misses you.
You barely miss the orc wizard. The orc wizard misses you.
You hit the orc wizard. The orc wizard barely misses you.
You hit the orc wizard. The orc wizard barely misses you.
You hit the orc wizard but do no damage.
The orc wizard hits you but does no damage.
You hit the orc wizard but do no damage.
The orc wizard hits you with a vampiric dagger.
The orc wizard completely misses you.
You take 2 damage, and have 16/36 hp.
You hit the orc wizard. The orc wizard completely misses you.
You hit the orc wizard.
The orc wizard points at you and mumbles some strange words.
The puff of frost hits you!
* * * LOW HITPOINT WARNING * * *
You take 8 damage, and have 8/36 hp.
MASSIVE DAMAGE!!
The orc wizard casts a spell at you. The puff of flame hits you!
You die...

#.......#.........
#................#
#..####.##........ #..#
#.##.......# #..####...........
....# #................. ##.#.#
#...######......†)
....#######+##...# ##.#.#.#.
##.#....Soo.o..@..# ####'#.#...
....#.#.######...# #......###.
####..#.#.## ###+..# #.....#####
......#.#o.###.....####..........
#.#.o..o....+...................
#...##.##..##.....#######'#.####
#...##.###.##.....# ####.#.#
#...........#.....# #..((..#
o..............#+..#####.#.#.#


You could see an orc wizard (invisible), an adder and 2 orcs.

Vanquished Creatures
  Sigmund (D:4)
  An orc warrior (D:5)
  2 phantoms
  A sky beast (D:5)
  3 ogres
  2 scorpions
  A crimson imp (D:5)
  An orc priest (D:5)
  An orc wizard (D:3)
  4 worker ants
  6 adders
  4 oozes
  2 adder skeletons (D:4)
  2 worms (D:2)
  A dart slug (D:1)
  3 giant geckos
  4 orcs
  2 ball pythons
  5 bats
  4 giant cockroaches
  5 goblins
  4 hobgoblins
  4 quokkas
  7 giant newts
  6 kobolds
  6 rats
82 creatures vanquished.

Vanquished Creatures (others)
  2 fungi (D:1)
2 creatures vanquished.

Grand Total: 84 creatures vanquished

Notes
Turn   | Place    | Note
--------------------------------------------------------------
     0 | D:1      | tyvek the Spriggan Enchanter began the quest for the Orb.
     0 | D:1      | Reached XP level 1. HP: 9/9 MP: 5/5
    15 | D:1      | Reached skill level 3 in Spellcasting
    43 | D:1      | Reached XP level 2. HP: 13/13 MP: 7/7
   351 | D:1      | Reached skill level 4 in Hexes
   425 | D:1      | HP: 2/13 [kobold/short sword (6)]
   786 | D:1      | Learned a level 2 spell: Ensorcelled Hibernation
  1042 | D:1      | Reached skill level 4 in Spellcasting
  1047 | D:1      | Reached XP level 3. HP: 16/16 MP: 5/9
  1310 | D:2      | Found an oddly glowing altar of Pakellas.
  1323 | D:2      | Found a shadowy altar of Dithmenos.
  1331 | D:2      | Found a shattered altar of Ashenzari.
  1515 | D:2      | Reached XP level 4. HP: 21/21 MP: 1/11
  2251 | D:3      | Reached skill level 5 in Spellcasting
  2434 | D:3      | Reached skill level 5 in Hexes
  2636 | D:3      | Reached XP level 5. HP: 20/24 MP: 10/13
  2712 | D:3      | Learned a level 3 spell: Confuse
  2716 | D:3      | Learned a level 3 spell: Tukima's Dance
  3011 | D:3      | Noticed a phantom
  3067 | D:3      | Killed a phantom
  3067 | D:3      | Reached skill level 6 in Spellcasting
  3185 | D:4      | Reached XP level 6. HP: 28/28 MP: 16/16
  3196 | D:4      | Found a staircase to the Ecumenical Temple.
  3205 | Temple   | Entered the Ecumenical Temple
  3515 | D:4      | Reached skill level 6 in Hexes
  3816 | D:4      | Reached skill level 2 in Short Blades
  3816 | D:4      | Reached skill level 4 in Dodging
  3816 | D:4      | Reached skill level 5 in Stealth
  3821 | D:4      | Found Fuhoqud's Magic Scroll Shoppe.
  3834 | D:4      | Found a glowing golden altar of the Shining One.
  3845 | D:4      | Found a basalt altar of Yredelemnul.
  3927 | D:4      | Noticed Sigmund
  3935 | D:4      | Killed Sigmund
  3935 | D:4      | Reached skill level 3 in Short Blades
  3935 | D:4      | Reached skill level 5 in Dodging
  3935 | D:4      | Reached XP level 7. HP: 32/32 MP: 9/17
  4713 | D:4      | Noticed an angel
  4735 | D:5      | Entered Level 5 of the Dungeon
  4825 | D:5      | Reached skill level 4 in Short Blades
  4825 | D:5      | Reached skill level 6 in Dodging
  4825 | D:5      | Reached skill level 6 in Stealth
  4931 | D:5      | Reached XP level 8. HP: 36/36 MP: 14/18
  5193 | D:5      | Reached skill level 7 in Dodging
  5214 | D:5      | Reached skill level 5 in Short Blades
  5269 | D:5      | HP: 8/36 [orc wizard/puff of frost (8)]
  5273 | D:5      | Killed from afar by an orc wizard

Vault maps used:
D:1:      scummos_arrival_checkerplants
D:2:      minmay_overflow_temple_star_quad, serial_bayou_pond_b,
          minmay_misc_feat_doors
D:3:      first_bread, kennysheep_cluttered_room, serial_bayou_ford_a
D:4:      grunt_temple_overflow_holy_war, temple_statues, serial_shops, shop,
          minmay_statues_item, roderic_roman_lattice, serial_bayou_lake_a,
          uniq_sigmund
D:5:      minivault_25, guppyfry_early_orc_mine
Temple:   chambers_temple_10

Skill      XL: |  1  2  3  4  5  6  7  8 |
---------------+-------------------------+-----
Spellcasting   | 3 4 5 6 |  6.0
Hexes          | 4 5 6 |  6.4
Short Blades   | 3 4 5 |  5.2
Dodging        | 5 6 7 |  7.4
Stealth        | 5 6 |  6.8

Action                   |  1- 3 |  4- 6 |  7- 9 || total
-------------------------+-------+-------+-------++-------
Melee: Dagger            |    72 |   112 |    69 ||   253
 Cast: Corona            |    10 |       |     1 ||    11
       Ensorcelled Hiber |    17 |    22 |    28 ||    67
       Confuse           |       |    10 |     1 ||    11
  Use: Scroll            |       |     4 |       ||     4
 Stab: Sleeping          |    16 |    23 |    16 ||    55
       Confused          |       |     7 |       ||     7
  Eat: Pizza             |       |     1 |     1 ||     2
Armor: Robe              |    13 |     7 |     2 ||    22
Dodge: Dodged            |    86 |    66 |    45 ||   197

Vault maps used:
D:1:      scummos_arrival_checkerplants
D:2:      minmay_overflow_temple_star_quad, serial_bayou_pond_b,
          minmay_misc_feat_doors
D:3:      first_bread, kennysheep_cluttered_room, serial_bayou_ford_a
D:4:      grunt_temple_overflow_holy_war, temple_statues, serial_shops, shop,
          minmay_statues_item, roderic_roman_lattice, serial_bayou_lake_a,
          uniq_sigmund
D:5:      minivault_25, guppyfry_early_orc_mine
Temple:   chambers_temple_10

Table legend:
 A = Turns spent in this place as a percentage of turns spent in the entire game.
 B = Non-inter-level travel turns spent in this place as a percentage of non-inter-level travel turns spent in the entire game.
 C = Inter-level travel turns spent in this place as a percentage of turns spent in this place.
 D = Turns resting spent in this place as a percentage of non-inter-level travel turns spent in this place.
 E = Turns spent auto-exploring this place as a percentage of non-inter-level travel turns spent in this place.
 F = Non-inter-level travel turns spent in this place divided by the number of levels of this place that you've seen.
                   A       B       C       D       E      F
               +-------+-------+-------+-------+-------+----------------------
         Total | 100.0 | 100.0 |   0.4 |   3.6 |  11.4 | 270.2
       Dungeon |  98.3 |  98.3 |   0.3 |   3.7 |  10.0 | 318.8
        Temple |   1.7 |   1.7 |   3.6 |   0.0 |  92.6 |  27.0
               +-------+-------+-------+-------+-------+----------------------

Table legend:
 A = Kills in this place as a percentage of kills in entire the game.
 B = Kills by you in this place as a percentage of kills by you in the entire game.
 C = Kills by friends in this place as a percentage of kills by friends in the entire game.
 D = Other kills in this place as a percentage of other kills in the entire game.
 E = Experience gained in this place as a percentage of experience gained in the entire game.
 F = Experience gained in this place divided by the number of levels of this place that you have seen.
                   A       B       C       D       E      F
               +-------+-------+-------+-------+-------+----------------------
         Total | 100.0 | 100.0 |  -nan |  -nan | 100.0 | 287.5
       Dungeon | 100.0 | 100.0 |  -nan |  -nan | 100.0 | 345.0
               +-------+-------+-------+-------+-------+----------------------
